 Dungeon Crawl Stone Soup version 0.28.0-47-ge53b351184 (webtiles) character file.

Game seed: 8353471125726368233

33 bobregger the Skirmisher (level 3, -2/58 HPs)
             Began as an Ogre Berserker on May 2, 2022.
             Was a Follower of Trog.
             Frozen to death by an endoplasm (5 damage)
             ... on level 2 of the Dungeon.
             The game lasted 00:01:00 (782 turns).

bobregger the Skirmisher (Ogre Berserker)            Turns: 782, Time: 00:01:01

Health: -2/58      AC:  3    Str: 21    XL:     3   Next: 29%
Magic:  3/3        EV: 10    Int:  8    God:    Trog [*.....]
Gold:   10         SH:  0    Dex: 10    Spells: 2/2 levels left

rFire   . . .      SeeInvis .   c - +0 flail
rCold   . . .      Faith    .   (no shield)
rNeg    . . .      Spirit   .   b - +0 animal skin
rPois   .          Reflect  .   (helmet restricted)
rElec   .          Harm     .   (no cloak)
rCorr   .          Rampage  .   (gloves unavailable)
Will    .....                   (boots unavailable)
Stlth   ..........              (no amulet)
HPRegen 0.19/turn               (no ring)
MPRegen 0.08/turn               (no ring)

@: berserking, very quick
A: large, unfitting armour, tough skin 1
a: Renounce Religion, Berserk


You were on level 2 of the Dungeon.
You worshipped Trog.
Trog was aware of your devotion.
You visited 1 branch of the dungeon, and saw 2 of its levels.

You collected 10 gold pieces.

Inventory:

Hand Weapons
 c - a +0 flail (weapon)
Armour
 b - a +0 animal skin (worn)
Scrolls
 a - a scroll of identify {unknown}
 e - 2 scrolls of fear {unknown}
Potions
 d - a potion of mutation {unknown}
 f - a potion of flight {unknown}
 g - a potion of resistance {unknown}
 h - a potion of curing {unknown}


   Skills:
 - Level 4.0 Fighting
 + Level 3.9 Maces & Flails
 - Level 2.6 Dodging


You had 2 spell levels left.
You didn't know any spells.
Your spell library was empty.

Dungeon Overview and Level Annotations

Branches:
Dungeon (2/15)

Altars:

Shops:
D:1 =


Innate Abilities, Weirdness & Mutations

You are too large for most types of armour.
You have tough skin. (AC +1)


Message History

The quokka bites you. The endoplasm freezes you.
You are frozen.
The hobgoblin hits you but does no damage.
The quokka bites you but does no damage.
The hobgoblin hits you. The endoplasm closely misses you.
You closely miss the quokka. The quokka barely misses you.
The hobgoblin barely misses you. The endoplasm hits you.
You closely miss the quokka. The quokka bites you. The hobgoblin hits you.
The endoplasm barely misses you. The quokka bites you.
You closely miss the quokka. The endoplasm freezes you.
You are frozen.
The hobgoblin completely misses you. The quokka closely misses you.
You closely miss the quokka. Your punch misses the quokka.
The quokka bites you.
* * * LOW HITPOINT WARNING * * *
The endoplasm hits you but does no damage.
The hobgoblin closely misses you.
A red film seems to cover your vision as you go berserk!
You feel yourself moving faster!
You feel mighty! The quokka bites you.
* * * LOW HITPOINT WARNING * * *
The hobgoblin barely misses you. The endoplasm freezes you.
You are frozen.
* * * LOW HITPOINT WARNING * * *
The quokka bites you but does no damage.
You closely miss the quokka. The hobgoblin barely misses you.
The endoplasm hits you.
* * * LOW HITPOINT WARNING * * *
The quokka bites you.
* * * LOW HITPOINT WARNING * * *
You closely miss the quokka. The hobgoblin completely misses you.
The endoplasm hits you but does no damage.
You barely miss the quokka. The quokka bites you.
* * * LOW HITPOINT WARNING * * *
The hobgoblin misses you. The endoplasm freezes you.
You are frozen.
You die...

#....#####...
............###
...#....#......
..............#
...............
...............
.......Jg......
......r@......#
...$...........
..######.#.....
.# ...# .. ..#
... .. ... #
....


You could see an endoplasm, a quokka and a hobgoblin.

Vanquished Creatures
  A gnoll (D:1)
  A dart slug (D:1)
  3 endoplasms (D:1)
  A giant cockroach (D:1)
  4 goblins (D:1)
  2 jackals (D:1)
  A quokka (D:1)
  2 ball pythons (D:1)
  A bat (D:1)
  3 frilled lizards
  A kobold (D:1)
  3 rats (D:1)
23 creatures vanquished.

Notes
Turn   | Place    | Note
-------+----------+-------------------------------------------
     0 | D:1      | bobregger the Ogre Berserker began the quest for the Orb.
     0 | D:1      | Reached XP level 1. HP: 24/24 MP: 1/1
    28 | D:1      | Reached XP level 2. HP: 31/32 MP: 2/2
   141 | D:1      | Found a faded altar of an unknown god.
   358 | D:1      | Reached XP level 3. HP: 31/39 MP: 3/3
   523 | D:1      | Found Linnat's Jewellery Emporium.
   782 | D:2      | Frozen to death by an endoplasm

Illustrated notes

Levels and vault maps discovered:
D:1:      saegor_arrival_simple_d, layout_rooms, serial_shops,
          nicolae_shop_hallway_plus, ebering_ecumenical_altar_webs
D:2:      layout_rooms

Skill      XL: |  1 |
---------------+----+-----
Maces & Flails | 3 |  3.9
Fighting       | |  4.0
Dodging        | |  2.6

Action                   || total
-------------------------++-------
Melee: Mace              ||     8
       Flail             ||    64
       Punch             ||     1
Invok: Berserk           ||     2
Armor: Animal skin       ||    22
Dodge: Dodged            ||    59
